Map: Sludge City

Players

Retsech - Winner!

  • Race: Terran Terran
  • Spawn Location: 5:00

Gracz - Winner!

  • Race: Terran Terran
  • Spawn Location: 5:00

A.I. 2 (Medium)

  • Race: Terran Terran
  • Spawn Location: 11:00

A.I. 3 (Medium)

  • Race: Zerg Zerg
  • Spawn Location: 9:00

VOD

Have the link to the VOD?

Description

Time

  • Played on: Aug. 26, 2016, 6:40 a.m.
  • Length: 24:09
Show
View Real Time Build Order
Export as new Build Order

Retsech Terran - Winner!

Build Orders: MMM Bio 

Get SALT Encoding   

  12  0:22  Engineering Bay  
  12  0:27  Refinery  
  12  0:34  Supply Depot  
  12  0:35  SCV  
  13  0:47  SCV  
  14  1:14  Barracks  
  14  1:21  Barracks  
  14  1:25  SCV  
  14  1:32  Refinery  
  15  1:38  SCV  
  16  1:43  Supply Depot  
  16  2:02  Marine  
  17  2:10  Orbital Command  
  17  2:18  Barracks Tech Lab  
  17  2:20  Marine  
  18  2:38  Barracks Tech Lab, Marine  
  18  2:43  SCV  
  20  2:55  SCV  
  20  2:56  Marine  
  22  2:58  Combat Shields  
  22  3:02  Concussive Shells  
  22  3:11  Marine  
  23  3:15  Marauder  
  25  3:29  Marine  
  26  3:40  Supply Depot  
  26  3:42  Marine  
  26  3:48  Marauder  
  29  3:53  Stimpack  
  29  4:00  Terran Infantry Weapons Level 1  
  29  4:45  Marine x2  
  29  4:48  Command Center  
  29  4:49  SCV  
  32  5:14  Marine  
  32  5:15  Marauder  
  35  5:27  Factory  
  32  5:32  Marine  
  26  5:36  Marine  
  26  5:41  SCV  
  28  5:50  Marine  
  28  5:53  SCV  
  25  6:07  SCV  
  25  6:09  SCV  
  27  6:17  Refinery  
  27  6:19  SCV  
  27  6:21  SCV  
  27  6:23  Marine, Refinery  
  27  6:24  Marine  
  31  6:31  SCV  
  32  6:34  Factory Tech Lab, SCV  
  33  6:40  Armory  
  33  6:46  SCV, Orbital Command  
  34  6:51  Marine x2  
  36  7:08  Marine  
  36  7:09  Marine  
  38  7:16  SCV  
  38  7:17  SCV  
  40  7:23  Siege Tank  
  40  7:26  Marine  
  40  7:27  Marine  
  40  7:28  SCV  
  40  7:29  SCV  
  47  7:44  Marine  
  47  7:45  Marauder  
  50  7:55  Siege Tank  
  53  8:02  Marine  
  54  8:06  Marauder  
  56  8:20  Marine  
  57  8:27  Siege Tank, Marauder  
  57  8:29  Terran Infantry Weapons Level 2  
  62  8:38  Marine  
  63  8:46  Supply Depot  
  63  8:48  Supply Depot  
  63  8:49  Terran Vehicle Weapons Level 1, Marauder  
  65  8:56  Marine  
  65  8:59  Siege Tank, SCV  
  70  9:09  Supply Depot  
  70  9:11  Marine, SCV  
  70  9:12  Supply Depot  
  70  9:14  Marauder  
  74  9:23  SCV  
  75  9:29  Marine  
  76  9:31  Siege Tank  
  76  9:35  SCV, Marauder  
  82  9:41  Starport  
  82  9:46  Marine, Starport  
  81  9:57  Marauder  
  83  10:03  Siege Tank  
  83  10:04  Marine  
  87  10:18  Marauder  
  85  10:22  Marine  
  83  10:35  Thor  
  89  10:43  Terran Vehicle And Ship Armor Level 1  
  89  10:45  Terran Infantry Armor Level 1  
  89  11:03  Starport Tech Lab  
  89  11:04  Starport Tech Lab  
  89  11:11  Fusion Core  
  89  11:18  Siege Tank  
  92  11:28  Command Center  
  92  11:50  Siege Tank  
  95  12:03  Battlecruiser x2  
  107  12:12  Weapon Refit  
  107  12:22  Thor  
  113  12:42  Terran Infantry Weapons Level 3  
  113  12:45  Thor  
  113  12:58  High Capacity Fuel Tanks  
  113  13:05  Thor  
  119  13:07  Battlecruiser  
  131  13:29  Battlecruiser  
  131  13:48  Thor  
  136  14:00  Supply Depot  
  136  14:02  Supply Depot  
  136  14:03  Supply Depot  
  136  14:05  Supply Depot  
  135  14:12  Battlecruiser  
  141  14:33  Battlecruiser  
  145  15:16  Medivac  
  145  15:19  Terran Infantry Armor Level 2  
  147  15:37  Medivac  
  149  15:46  Medivac  
  151  15:52  Behemoth Reactor  
  151  16:07  Medivac  
  153  16:16  Medivac  
  155  16:21  Thor  
  161  16:37  Medivac  
  163  16:46  Medivac  
  165  17:04  Thor  
  165  17:07  Medivac  
Show
View Real Time Build Order
Export as new Build Order

Gracz Terran - Winner!

Build Orders:  

Get SALT Encoding   

  12  0:02  SCV  
  13  0:31  Supply Depot  
  13  0:51  Command Center  
  13  1:05  Engineering Bay  
  13  1:10  Refinery  
  13  1:28  SCV  
  14  1:40  SCV  
  14  1:41  Barracks  
  15  2:17  SCV  
  16  2:28  Orbital Command  
  16  2:29  Orbital Command  
  16  2:38  Supply Depot  
  16  2:50  Supply Depot  
  16  2:56  Terran Infantry Weapons Level 1  
  16  3:00  Refinery  
  16  3:04  Supply Depot  
  16  3:11  Barracks  
  16  3:14  SCV  
  17  3:26  SCV  
  18  3:29  Barracks  
  18  3:33  Refinery  
  18  3:38  SCV  
  18  3:39  SCV  
  20  3:50  SCV  
  20  3:51  Refinery, SCV  
  22  4:00  Barracks Reactor  
  22  4:02  SCV  
  23  4:03  SCV  
  23  4:06  Barracks Reactor  
  24  4:15  SCV  
  25  4:32  Barracks Reactor  
  25  4:42  Factory  
  25  4:48  SCV  
  25  4:50  SCV  
  27  4:53  Terran Infantry Armor Level 1  
  27  5:02  SCV  
  27  5:05  Engineering Bay  
  28  5:10  Marine  
  28  5:11  Marine x5  
  34  5:14  SCV  
  35  5:28  Marine x2, Starport  
  35  5:29  Marine x4  
  39  6:10  Starport, Factory Tech Lab  
  39  6:11  Starport Tech Lab  
  39  6:13  Reaper  
  39  6:14  Reaper x5  
  39  6:18  SCV  
  46  6:30  SCV  
  47  6:42  SCV  
  47  6:44  Building Armor  
  47  6:45  Reaper  
  47  6:46  Reaper x5  
  54  6:55  Starport Tech Lab  
  54  6:57  Starport  
  54  6:58  Siege Tank  
  54  6:59  Medivac  
  59  7:17  Reaper  
  59  7:18  Cloaking Field, Reaper x2  
  59  9:19  Starport Tech Lab  
  59  9:22  High Capacity Fuel Tanks  
  59  10:36  Banshee  
  62  10:43  Banshee x2  
  68  11:15  Armory  
  68  11:19  Banshee  
  68  11:20  Armory  
  68  11:21  Fusion Core  
  71  11:26  Banshee x2  
  77  12:02  Banshee  
  80  12:25  Hyperflight Rotors  
  80  13:09  Orbital Command  
  71  14:23  Banshee x3  
  80  15:06  Banshee x2  
  86  16:07  Banshee x2  
  92  16:14  Supply Depot  
  92  16:25  Terran Vehicle And Ship Armor Level 1  
  92  16:26  Terran Ship Weapons Level 1  
  92  16:36  Banshee  
  95  16:50  Banshee x2  
  101  17:13  Refinery  
  101  17:26  Banshee  
  95  17:33  Banshee x2  
  101  17:55  Marine  
  102  18:01  Supply Depot  
  102  18:02  Supply Depot  
  102  18:23  Marine x6  
  111  18:41  Marine x6  
  116  18:44  Banshee  
  116  18:58  Marine x2  
  118  19:17  Marine  
  118  19:18  Marine x2  
  118  19:19  Marine  
  118  19:20  Marine  
  118  19:21  Marine  
  92  19:35  Marine  
  92  19:37  Marine  
  89  19:39  Marine  
  90  19:49  Banshee x3  
  90  19:51  Marine  
  90  19:52  Marine x2  
  102  19:53  Marine  
  102  19:55  Marine  
  102  19:57  Marine  
  105  20:09  Marine  
  105  20:10  Marine x3  
  105  20:13  Marine  
  107  20:15  Marine  
  108  20:27  Marine x3  
  111  20:28  Marine  
  111  20:31  Marine  
  111  20:32  Banshee  
  111  20:33  Marine  
  117  20:38  Banshee  
  117  20:45  Marine  
  117  20:48  Marine  
  118  20:51  Marine  
  118  20:56  Banshee  
  113  21:15  Banshee  
  116  21:22  Banshee  
  118  21:44  Banshee  
  112  21:57  Banshee  
  112  22:05  Banshee  
  112  22:27  Banshee  
  115  22:40  Banshee  
  118  23:01  Banshee  
  118  23:15  Banshee  
Show
View Real Time Build Order
Export as new Build Order

A.I. 2 (Medium) Terran 

Build Orders:  

Get SALT Encoding   

  12  0:01  SCV  
  13  0:13  SCV  
  14  0:20  Supply Depot  
  14  0:25  SCV  
  15  0:41  SCV  
  16  0:43  Barracks  
  16  0:49  Refinery  
  16  0:54  SCV  
  17  1:06  SCV  
  18  1:17  Supply Depot  
  18  1:31  Marine, Orbital Command  
  19  1:33  Barracks  
  19  1:41  Refinery  
  19  1:49  Barracks Tech Lab  
  19  2:01  Factory  
  19  2:07  Marine  
  20  2:19  Marine  
  21  2:23  Supply Depot  
  21  2:29  Marine  
  22  2:38  Marine  
  23  2:48  Hellion  
  23  2:49  SCV  
  26  3:01  Engineering Bay, SCV  
  27  3:09  Hellion  
  27  3:12  Supply Depot  
  29  3:13  SCV  
  30  3:25  SCV  
  31  3:31  Hellion  
  33  3:37  SCV  
  34  3:49  SCV  
  34  3:52  Hellion  
  37  5:14  Barracks Tech Lab, SCV, Marauder  
  37  5:16  Factory, Factory Tech Lab  
  37  5:19  Supply Depot  
  37  5:21  Missile Turret  
  40  5:24  Missile Turret, Command Center  
  40  5:26  SCV  
  41  5:29  Sensor Tower  
  41  5:35  Marine  
  42  5:43  Armory, Siege Tank  
  42  5:46  Supply Depot  
  45  5:50  Bunker  
  45  5:56  Marauder  
  47  6:01  Starport, Factory Tech Lab  
  34  6:08  Marine  
  35  6:21  Marine  
  35  6:22  Barracks  
  36  6:34  Marine  
  36  6:37  SCV  
  38  6:40  SCV  
  38  6:43  Refinery, Starport Tech Lab  
  38  6:45  Missile Turret  
  39  6:47  Marine  
  39  6:50  SCV  
  39  6:52  SCV  
  42  6:55  Missile Turret  
  42  7:00  Marine  
  43  7:02  SCV, Raven  
  43  7:05  SCV  
  47  7:09  Barracks Reactor  
  47  7:13  Siege Tank  
  47  7:14  SCV  
  51  7:17  SCV  
  51  7:18  Bunker  
  52  7:26  Cyclone, SCV  
  52  7:29  SCV  
  58  7:38  SCV  
  58  7:41  SCV  
  60  7:45  Raven  
  60  7:50  SCV  
  63  7:53  SCV  
  64  8:02  SCV  
  64  8:05  SCV  
  66  8:13  Refinery  
  66  8:14  SCV  
  66  8:17  SCV  
  68  8:26  SCV  
  69  8:36  SCV  
  69  8:38  Supply Depot  
  69  8:39  SCV  
  71  9:41  Medivac, Marine  
  71  9:42  Combat Shields, Stimpack  
  71  9:43  Terran Infantry Weapons Level 1  
  74  9:46  Starport  
  74  9:47  Marine  
  74  9:48  Supply Depot  
  74  9:52  Command Center, Ghost Academy  
  75  9:53  Marine  
  75  9:55  Fusion Core  
  75  9:58  Marine  
  75  9:59  Engineering Bay  
  77  10:04  Armory  
  77  10:05  Marauder  
  79  10:11  Marauder, Raven  
  79  10:12  Supply Depot  
  83  10:17  Marine  
  70  10:22  Medivac, Marine  
  70  10:24  Terran Infantry Armor Level 1  
  67  10:28  Marine  
  67  10:34  Marine  
  69  10:40  Marine  
  70  10:46  Marauder  
  72  10:51  Marine  
  72  10:52  Starport Reactor  
  73  10:57  Marauder  
  73  11:00  Concussive Shells  
  75  11:05  SCV  
  75  11:07  Ghost, Refinery  
  75  11:08  SCV  
  79  11:11  SCV  
  79  11:14  Missile Turret  
  79  11:17  Missile Turret, Refinery  
  79  11:18  SCV  
  81  11:21  SCV  
  82  11:31  SCV  
  83  11:33  SCV  
  83  11:38  Bunker  
  84  12:55  Command Center  
  84  13:20  Marine  
  84  13:21  Terran Infantry Weapons Level 2  
  84  13:22  Terran Infantry Armor Level 2  
  84  13:23  Terran Ship Weapons Level 1, Marine, Terran Vehicle Weapons Level 1  
  84  13:26  Marine  
  87  13:29  Marine  
  88  13:38  Marauder  
  92  13:41  Marauder  
  92  13:44  Marine  
  92  13:46  Marine  
  92  13:52  Raven  
  74  13:59  Marine  
  74  14:01  Marine  
  78  14:03  Marauder  
  78  14:04  Marine  
  79  14:10  Refinery  
  79  14:17  Missile Turret, Marine  
  79  14:19  Marine  
  79  14:20  Missile Turret  
  79  14:22  Marine  
  79  14:23  Refinery  
  84  14:24  Marauder  
  84  14:34  Ghost  
  84  14:37  Marine  
  87  14:40  Bunker, Marine  
  90  14:45  Marauder  
  90  14:55  Marine  
  90  14:58  Marine  
  92  15:03  Marine  
  95  15:07  Marauder  
  95  15:13  Marine  
  96  15:16  Marine  
  96  15:17  Terran Vehicle And Ship Armor Level 1  
  96  15:19  Terran Vehicle Weapons Level 2  
  96  15:21  Ghost  
  97  15:28  Marine  
  100  15:40  Terran Infantry Armor Level 3, Terran Infantry Weapons Level 3  
  100  17:09  Command Center  
  100  17:14  Terran Vehicle And Ship Armor Level 2, Ghost  
  100  17:17  Marine, Raven  
  100  17:20  Marine  
  80  17:23  Marine  
  67  17:35  Marine  
  68  17:38  Marine  
  68  17:41  Marine  
  68  17:42  Marine  
  71  17:53  Marine  
  71  17:56  Marine  
  73  17:59  Marine, Raven  
  73  18:01  Marauder  
  78  18:10  Marine  
  79  18:13  Marine  
  79  18:16  Marine  
  81  18:22  Marine  
  82  18:28  Marine  
  82  18:30  Refinery  
  82  18:31  Marine  
  82  18:32  Missile Turret  
  84  18:34  Marine  
  84  18:37  Missile Turret  
  84  18:39  Refinery  
  84  18:40  Marauder  
  87  18:47  Marauder  
  89  18:49  Marine  
  89  18:52  Marine  
  91  18:57  Bunker  
  91  19:01  Marine, SCV  
  92  19:08  Marauder  
  94  19:19  Marine, Marauder  
  94  19:22  Marine  
  90  19:29  Marine  
  82  19:37  Marine  
  72  19:40  Marine x2  
  74  19:47  Marine  
  75  19:55  Marine  
  75  19:58  Marine x2  
  78  20:04  Marine  
  79  20:08  Medivac  
  79  20:10  Medivac  
  79  20:13  Marine, Supply Depot  
  71  20:16  Marine  
  71  20:17  SCV  
  72  20:23  Siege Tank, Marauder  
  72  20:25  SCV  
  72  20:28  SCV, Siege Tank  
  77  20:31  SCV  
  77  20:35  Marine, SCV  
  79  20:38  SCV  
  79  20:40  Marine  
  74  20:45  Marine  
  74  20:46  Supply Depot  
  74  20:49  SCV  
  75  20:50  Marine  
  75  20:53  SCV  
  75  20:56  SCV  
  72  20:59  SCV  
  72  21:01  Marine  
  72  21:02  SCV  
  63  21:05  SCV  
  63  21:06  Marine  
  63  21:08  SCV  
  63  21:11  Marine  
  61  21:15  SCV  
  61  21:17  Medivac x2  
  57  21:18  Marine, SCV  
  57  21:21  SCV  
  57  21:23  Marine  
  59  21:28  Marine  
  59  21:30  Orbital Command  
  55  21:36  Marine  
  51  21:42  Supply Depot  
  51  21:46  Marine  
  45  22:02  Ghost Academy  
  45  22:04  Sensor Tower  
  45  22:07  Supply Depot  
  14  23:18  Command Center  
Show
View Real Time Build Order
Export as new Build Order

A.I. 3 (Medium) Zerg 

Build Orders: Pool First 

Get SALT Encoding   

  12  0:01  Drone  
  13  0:12  Overlord  
  13  0:17  Drone  
  14  0:30  Drone  
  14  0:33  Drone  
  16  0:42  Spawning Pool  
  16  0:45  Drone  
  16  0:50  Drone  
  16  0:52  Extractor  
  16  0:55  Drone  
  17  1:06  Overlord  
  17  1:31  Zergling x2, Queen  
  20  1:34  Zergling x2  
  20  1:38  Roach Warren, Drone  
  21  1:40  Extractor  
  20  1:49  Drone  
  20  1:52  Baneling Nest  
  20  2:00  Drone  
  21  2:10  Drone  
  22  2:21  Zergling x2  
  23  2:32  Zergling x2  
  24  2:37  Overlord  
  24  2:38  Zergling x2  
  24  2:41  Zergling x2  
  24  2:43  Zergling x2  
  27  2:46  Baneling  
  27  2:47  Baneling  
  27  2:54  Zergling x2  
  27  2:57  Baneling  
  28  3:02  Baneling  
  28  3:05  Zergling x2  
  29  3:10  Evolution Chamber, Zergling x2, Drone  
  30  3:14  Drone  
  30  3:18  Drone  
  32  3:28  Overlord  
  32  3:38  Drone  
  33  3:42  Drone  
  33  3:45  Drone  
  33  3:47  Drone  
  36  4:49  Lair, Drone, Overlord  
  36  4:52  Drone  
  38  5:05  Spore Crawler  
  37  5:09  Spore Crawler  
  37  5:11  Drone  
  37  5:26  Zergling x2  
  32  5:31  Hatchery  
  32  5:34  Zergling x2  
  28  5:46  Queen  
  28  5:48  Spire  
  28  5:49  Zergling x2, Overseer x2  
  30  5:53  Drone  
  31  5:57  Baneling  
  31  5:58  Drone  
  31  6:00  Zergling x2  
  33  6:08  Zergling x2  
  34  6:16  Zergling x2  
  34  6:17  Spine Crawler  
  34  6:18  Drone  
  35  6:24  Baneling  
  35  6:27  Spine Crawler, Zergling x2  
  35  6:36  Hydralisk Den  
  34  6:43  Infestation Pit  
  34  6:44  Drone  
  34  6:48  Drone  
  34  6:53  Drone  
  36  6:57  Drone  
  36  7:00  Mutalisk, Drone  
  40  7:03  Drone  
  40  7:06  Drone  
  40  7:07  Mutalisk  
  44  7:09  Drone  
  44  7:12  Drone  
  46  7:16  Drone  
  46  7:18  Mutalisk, Spore Crawler  
  46  7:20  Drone  
  49  7:23  Drone  
  49  7:26  Overlord  
  49  7:27  Mutalisk  
  49  7:29  Drone  
  53  7:35  Spore Crawler  
  52  7:39  Drone  
  52  7:40  Mutalisk  
  52  7:42  Queen  
  57  7:48  Evolution Chamber  
  57  7:49  Drone  
  57  7:52  Drone  
  57  7:54  Drone  
  59  8:00  Spine Crawler  
  59  8:01  Drone  
  59  8:02  Spine Crawler  
  59  8:03  Drone  
  59  8:41  Extractor  
  58  8:44  Extractor  
  57  9:03  Drone  
  57  9:06  Drone  
  57  9:09  Drone  
  60  9:11  Overlord  
  60  9:12  Drone  
  60  9:14  Overseer  
  61  9:22  Pneumatized Carapace  
  61  9:23  Overseer  
  61  9:29  Roach, Overlord  
  63  9:36  Roach  
  65  9:42  Hydralisk, Hatchery  
  66  9:47  Overlord  
  66  9:48  Zerg Melee Weapons Level 1  
  66  9:49  Roach  
  66  9:51  Zerg Ground Armor Level 1  
  59  9:55  Roach  
  59  9:58  Burrow  
  53  10:02  Roach  
  53  10:06  Overlord  
  55  10:08  Hydralisk  
  55  10:10  Hive  
  57  10:14  Hydralisk  
  59  10:21  Infestor  
  59  10:24  Overlord  
  59  10:28  Roach, Overseer  
  63  10:35  Roach  
  65  10:41  Roach  
  65  10:42  Muscular Augments  
  67  10:48  Zergling x2  
  68  10:54  Roach, Drone  
  68  10:55  Queen  
  73  10:57  Drone  
  73  11:00  Drone  
  73  11:01  Roach  
  73  11:03  Drone  
  78  11:05  Overlord  
  78  11:06  Hydralisk, Drone  
  78  11:09  Drone  
  82  11:12  Drone  
  82  11:13  Hydralisk  
  82  11:15  Drone  
  82  11:17  Extractor  
  82  11:18  Drone  
  86  11:20  Hydralisk, Spore Crawler  
  86  11:21  Drone  
  86  11:23  Greater Spire, Spore Crawler  
  86  11:24  Drone  
  88  11:26  Ultralisk Cavern, Infestor  
  88  11:27  Drone  
  88  11:30  Drone  
  91  11:33  Drone  
  91  11:36  Drone  
  91  11:37  Overlord  
  91  11:39  Drone  
  94  11:41  Drone  
  94  11:42  Zerg Missile Weapons Level 1  
  94  11:44  Drone  
  96  11:47  Drone  
  96  11:48  Spine Crawler  
  96  11:50  Spine Crawler, Drone  
  96  11:53  Drone  
  97  11:56  Drone  
  97  11:59  Drone  
  99  12:33  Extractor  
  99  12:35  Drone  
  99  12:36  Spire  
  98  12:37  Drone  
  99  13:31  Queen  
  99  13:38  Hatchery  
  98  13:41  Mutalisk  
  98  13:43  Viper, Overlord  
  98  13:44  Zerg Flyer Weapons Level 1  
  103  13:48  Zerg Flyer Armor Level 1, Mutalisk  
  103  13:53  Spore Crawler  
  104  13:56  Mutalisk  
  106  14:03  Mutalisk, Overlord  
  93  14:10  Viper, Mutalisk  
  93  14:15  Overseer  
  90  14:17  Corruptor  
  92  14:25  Mutalisk  
  94  14:32  Mutalisk  
  96  14:39  Mutalisk  
  86  14:46  Mutalisk  
  86  14:52  Queen, Drone  
  89  14:53  Mutalisk  
  89  14:55  Drone  
  89  14:57  Extractor  
  89  14:58  Drone  
  92  15:00  Corruptor, Spore Crawler  
  92  15:01  Drone  
  92  15:04  Drone, Spore Crawler  
  92  15:05  Extractor  
  93  15:07  Drone  
  93  15:08  Spore Crawler, Corruptor  
  93  15:11  Drone  
  93  15:13  Zerg Missile Weapons Level 2  
  96  15:23  Zerg Ground Armor Level 2  
  96  15:29  Spine Crawler  
  96  15:30  Drone  
  96  15:32  Spine Crawler  
  96  15:33  Drone  
  96  15:38  Zerg Flyer Weapons Level 2  
  96  15:42  Zerg Flyer Armor Level 2  
  96  17:23  Queen  
  96  17:26  Spore Crawler  
  96  17:27  Drone  
  96  17:28  Zerg Melee Weapons Level 2  
  96  17:29  Spore Crawler  
  95  17:30  Roach, Hatchery  
  95  17:32  Spore Crawler  
  95  17:34  Overlord, Drone  
  95  17:36  Hydralisk, Drone  
  99  17:39  Drone  
  99  17:40  Zerg Missile Weapons Level 3  
  99  17:43  Zergling x2  
  101  17:49  Roach  
  103  17:54  Overlord  
  103  17:56  Zerg Flyer Weapons Level 3, Roach  
  105  18:01  Zerg Flyer Armor Level 3  
  105  18:02  Hydralisk  
  107  18:09  Infestor  
  99  18:16  Roach  
  91  18:22  Viper  
  91  18:23  Roach, Viper  
  91  18:29  Overseer  
  91  18:30  Roach  
  91  18:32  Overseer  
  91  18:33  Overlord  
  89  18:36  Hydralisk  
  80  18:43  Hydralisk  
  80  18:44  Queen  
  80  18:47  Drone  
  80  18:48  Queen  
  83  18:49  Infestor  
  83  18:50  Drone  
  83  18:53  Drone  
  83  18:55  Overseer  
  74  18:56  Spine Crawler, Corruptor  
  74  18:58  Drone  
  74  19:00  Drone  
  73  19:02  Drone  
  73  19:03  Spore Crawler  
  73  19:04  Zergling x2, Drone  
  73  19:07  Drone  
  73  19:08  Extractor  
  71  19:10  Drone  
  71  19:11  Roach  
  71  19:13  Drone  
  71  19:14  Spore Crawler  
  71  19:16  Hydralisk, Drone  
  72  19:17  Extractor  
  72  19:19  Drone  
  72  19:22  Drone  
  72  19:24  Roach  
  76  19:25  Drone, Spore Crawler  
  76  19:28  Drone  
  76  19:30  Roach  
  77  19:31  Drone  
  77  19:32  Hatchery  
  77  19:34  Drone  
  77  19:36  Hydralisk  
  77  19:37  Extractor, Drone  
  77  19:44  Zergling x2, Drone  
  73  19:47  Drone  
  73  19:50  Hydralisk, Drone  
  73  19:51  Extractor  
  76  19:53  Drone  
  76  19:54  Spine Crawler  
  76  19:56  Drone  
  76  19:58  Spine Crawler, Hydralisk  
  76  19:59  Drone  
  79  20:02  Drone  
  79  20:05  Brood Lord, Zergling x2, Drone  
  83  20:08  Drone  
  83  20:11  Drone  
  83  20:12  Corruptor  
  80  20:14  Drone  
  80  20:17  Drone  
  80  20:18  Overseer  
  80  20:19  Overlord  
  80  20:20  Drone  
  80  20:21  Zergling x2  
  76  20:24  Drone  
  76  20:27  Hydralisk  
  53  20:33  Drone  
  50  20:36  Drone  
  50  20:39  Drone  
  50  20:42  Drone  
  45  20:43  Roach  
  45  20:47  Hatchery  
  45  20:48  Drone  
  38  20:50  Zergling x2  
  38  20:51  Drone  
  38  20:54  Drone  
  38  20:56  Roach  
  37  20:58  Drone  
  37  21:02  Drone  
  37  21:03  Corruptor  
  34  21:04  Drone  
  34  21:10  Drone  
  35  21:17  Hatchery  
  34  21:30  Drone  
  34  21:32  Zergling x2  
  31  21:33  Drone  
  31  21:39  Hatchery  
  30  21:42  Spawning Pool  
  28  22:19  Roach  
  28  22:20  Extractor  
  26  22:35  Lair  
  26  22:36  Drone  
  26  22:38  Roach Warren  
  26  22:39  Drone  
  24  22:46  Drone  
  24  22:48  Evolution Chamber, Drone  
  23  22:51  Drone  
  24  23:04  Drone  
  25  23:10  Drone  
  24  23:13  Drone  
  24  23:15  Drone  
  26  23:29  Zergling x2  
  26  23:33  Drone  
  27  23:34  Overseer  
  27  23:36  Infestation Pit  
  27  23:37  Drone  
  27  23:39  Hydralisk Den  
  27  23:40  Spire  
  25  23:43  Evolution Chamber  
  25  23:46  Drone  
  25  23:47  Zergling x2  
  25  23:48  Overseer  
  20  23:49  Extractor  
  20  23:50  Drone  
  20  23:53  Drone  
  19  23:56  Drone  
  19  23:59  Extractor  
Tags
 
Add a new tag
Caveats
  • Supply blocks, unpowered buildings, or Contaminate may cause inaccurate times.
  • Supply counts are checked every 10 seconds.